 Dungeon Crawl Stone Soup version 0.26-a0-18-g135ff06667 (webtiles) character file.

Game seed: 7849871481295598297, levelgen mode: deterministic

2253 DungeonDestroyer the Blocker (level 9, -4/75 HPs)
             Began as a Gnoll Fighter on May 25, 2020.
             Was an Initiate of Okawaru.
             Slain by a starcursed mass (12 damage)
             ... on level 1 of the Abyss.
             The game lasted 00:12:45 (4830 turns).

DungeonDestroyer the Blocker (Gnoll Fighter)        Turns: 4830, Time: 00:12:46

Health: -4/75      AC: 15    Str: 25    XL:     9   Next: 37%
Magic:  9/16       EV: 13    Int: 12    God:    Okawaru [......]
Gold:   398        SH: 13    Dex: 16    Spells: 18/18 levels left

rFire    . . .     SeeInvis .   a - +1 war axe
rCold    . . .     Gourm    .   c - +1 kite shield
rNeg     . . .     Faith    .   n - +0 acid dragon scales
rPois    .         Spirit   .   m - +1 helmet
rElec    .         Reflect  .   t - +0 cloak
rCorr    +         Harm     .   i - +2 pair of gloves
MR       .....                  (no boots)
Stlth    +++.......             (no amulet)
HPRegen  0.22/turn              r - +6 ring of strength
MPRegen  0.15/turn              (no ring)

@: brilliant
A: distributed training, fangs 1, strong nose
a: Renounce Religion


You were on level 1 of the Abyss.
You worshipped Okawaru.
Okawaru was noncommittal.
You were not hungry.

You visited 1 branch of the dungeon, and saw 5 of its levels.
You visited the Abyss 1 time.
You also visited: Sewer.

You collected 398 gold pieces.

Inventory:

Hand Weapons
 a - a +1 war axe (weapon)
 b - a +0 mace
Missiles
 e - 47 arrows
 j - 235 stones (quivered)
 l - 55 bolts
 q - 37 sling bullets
 x - 8 poisoned darts
Armour
 c - a +1 kite shield (worn)
 i - a +2 pair of gloves (worn)
 m - a +1 helmet (worn)
 n - +0 acid dragon scales (worn)
 t - a +0 cloak (worn)
Jewellery
 r - a +6 ring of strength (left hand)
Scrolls
 d - a scroll of noise {unknown}
 g - 2 scrolls of identify
 h - 4 scrolls of teleportation
 k - 3 scrolls of remove curse
 p - a scroll of fear {unknown}
 s - 2 scrolls of enchant weapon
 w - a scroll of amnesia
Comestibles
 f - 10 rations


   Skills:
 + Level 8.4 Fighting
 + Level 5.2 Short Blades
 + Level 5.2 Long Blades
 + Level 7.0 Axes
 + Level 5.2 Maces & Flails
 + Level 5.2 Polearms
 + Level 5.2 Staves
 + Level 5.2 Slings
 + Level 5.2 Bows
 + Level 5.2 Crossbows
 + Level 5.2 Throwing
 + Level 8.4 Armour
 + Level 5.2 Dodging
 + Level 5.2 Stealth
 + Level 8.4 Shields
 + Level 5.2 Unarmed Combat
 + Level 5.2 Spellcasting
 + Level 4.3 Conjurations
 + Level 4.3 Hexes
 + Level 4.3 Charms
 + Level 4.3 Summonings
 + Level 4.3 Necromancy
 + Level 4.3 Translocations
 + Level 4.3 Transmutations
 + Level 4.3 Fire Magic
 + Level 4.3 Ice Magic
 + Level 4.3 Air Magic
 + Level 4.3 Earth Magic
 + Level 4.3 Poison Magic
 + Level 5.7 Invocations
 + Level 5.2 Evocations


You had 18 spell levels left.
You didn't know any spells.
Your spell library contained the following spells:

 Spells                   Type           Power        Failure   Level  Hunger
 Animate Skeleton         Necr           N/A          10%         1    None
 Apportation              Tloc           ###...       10%         1    None
 Corona                   Hex            ###....      10%         1    None
 Summon Small Mammal      Summ           ###.         10%         1    None


Dungeon Overview and Level Annotations

Branches:
Dungeon (5/15)              Sewer (visited)
 Temple: D:4-7

Altars:
Cheibriados
Elyvilon
Hepliaklqana
Okawaru
Sif Muna
Trog
Zin

Annotations:
D:5 Crazy Yiuf


Innate Abilities, Weirdness & Mutations

Your experience applies equally to all skills.
You have very sharp teeth.
Your uncanny sense of smell can sniff out nearby items.


Message History

Okawaru accepts your kill.
The starcursed mass shudders and withdraws towards its neighbour. x2
You hit the starcursed mass.
The starcursed mass shudders and is absorbed by its neighbour.
You hit the starcursed mass but do no damage.
You block the ufetubus's attack. The ufetubus completely misses you.
A starcursed mass splits.
A cacophony of accursed wailing tears at your sanity!
* * * LOW HITPOINT WARNING * * *
You block the ufetubus's attack. The ufetubus misses you.
Unknown command.
You barely miss the ufetubus. You hit the starcursed mass.
The starcursed mass shudders and is absorbed by its neighbour.
You slash the ufetubus!
You kill the ufetubus!
You hit the starcursed mass.
The starcursed mass shudders and is absorbed by its neighbour.
You hit the starcursed mass but do no damage.
You block the ufetubus's attack. x2; The starcursed mass engulfs you!
You die...

#### #X.#
#@########
#5.5XX....#
#.##
#X#35.....##...
#5.XX...... ..
#...5....P# ..#
#.
.......##..##
#. ...........
# #........#
.... . ∆
..........X
.... #.#


You could see 6 starcursed masses, a ynoxinul and 5 ufetubi.

Vanquished Creatures
  Grinder (D:3)
  Eustachio (D:5)
  A chaos spawn (Abyss:1)
  4 orc warriors (D:5)
  Purgy (Sewer)
  An eye of draining (Abyss:1)
  Blork the orc (D:5)
  A water moccasin skeleton (D:3)
  A howler monkey (D:4)
  3 starcursed masses (Abyss:1)
  A crimson imp (D:5)
  A jelly (D:5)
  A quasit (Abyss:1)
  3 hounds
  6 orc wizards
  A centaur skeleton (D:4)
  Jessica (D:2)
  Natasha (thrice) (D:2)
  A worker ant (D:4)
  A hound zombie (D:5)
  Robin (D:3)
  5 adders
  8 gnolls
  2 river rats (D:4)
  An adder skeleton (D:5)
  An adder zombie (D:3)
  3 worms
  2 dart slugs (D:1)
  3 leopard geckos
  11 orcs
  6 ball pythons
  12 bats
  6 giant cockroaches
  17 goblins
  15 hobgoblins
  8 jackals
  4 quokkas
  A ball python zombie (D:5)
  5 frilled lizards
  5 kobolds
  10 rats
160 creatures vanquished.

Vanquished Creatures (others)
  3 demonic plants (Abyss:1)
3 creatures vanquished.

Grand Total: 163 creatures vanquished

Notes
Turn   | Place    | Note
-------+----------+-------------------------------------------
     0 | D:1      | DungeonDestroyer the Gnoll Fighter began the quest for the
                  | Orb.
     0 | D:1      | Reached XP level 1. HP: 23/23 MP: 1/1
    94 | D:1      | Reached XP level 2. HP: 28/29 MP: 2/2
   973 | D:2      | Noticed Jessica
   981 | D:2      | Killed Jessica
   981 | D:2      | Reached skill level 1 in Invocations
   981 | D:2      | Reached XP level 3. HP: 29/35 MP: 2/4
   990 | D:2      | Reached skill level 1 in Short Blades
   990 | D:2      | Reached skill level 1 in Long Blades
   990 | D:2      | Reached skill level 1 in Maces & Flails
   990 | D:2      | Reached skill level 1 in Polearms
   990 | D:2      | Reached skill level 1 in Staves
   990 | D:2      | Reached skill level 1 in Slings
   990 | D:2      | Reached skill level 1 in Bows
   990 | D:2      | Reached skill level 1 in Crossbows
   990 | D:2      | Reached skill level 1 in Throwing
   990 | D:2      | Reached skill level 1 in Dodging
   990 | D:2      | Reached skill level 1 in Stealth
   990 | D:2      | Reached skill level 1 in Unarmed Combat
   990 | D:2      | Reached skill level 1 in Spellcasting
   990 | D:2      | Reached skill level 1 in Evocations
  1248 | D:2      | Reached XP level 4. HP: 39/41 MP: 5/5
  1490 | D:2      | Noticed Natasha
  1494 | D:2      | Killed Natasha
  1494 | D:2      | Reached skill level 1 in Conjurations
  1494 | D:2      | Reached skill level 1 in Hexes
  1494 | D:2      | Reached skill level 1 in Charms
  1494 | D:2      | Reached skill level 1 in Summonings
  1494 | D:2      | Reached skill level 1 in Necromancy
  1494 | D:2      | Reached skill level 1 in Translocations
  1494 | D:2      | Reached skill level 1 in Transmutations
  1494 | D:2      | Reached skill level 1 in Fire Magic
  1494 | D:2      | Reached skill level 1 in Ice Magic
  1494 | D:2      | Reached skill level 1 in Air Magic
  1494 | D:2      | Reached skill level 1 in Earth Magic
  1494 | D:2      | Reached skill level 1 in Poison Magic
  1708 | D:2      | Noticed Natasha
  1712 | D:2      | Killed Natasha
  1712 | D:2      | Reached XP level 5. HP: 47/47 MP: 5/7
  1756 | D:2      | Found a white marble altar of Elyvilon.
  1803 | D:2      | Noticed Natasha
  1808 | D:2      | Killed Natasha
  1835 | D:3      | Found a bloodstained altar of Trog.
  1924 | D:3      | Noticed Robin
  1946 | D:3      | Killed Robin
  2059 | D:3      | Found a shimmering blue altar of Sif Muna.
  2100 | D:3      | Reached XP level 6. HP: 56/56 MP: 7/12
  2244 | D:3      | Reached XP level 7. HP: 49/62 MP: 13/13
  2248 | D:3      | Reached skill level 5 in Invocations
  2605 | D:3      | Found a hazy altar of Hepliaklqana.
  2615 | D:3      | Noticed Grinder
  2631 | D:3      | Paralysed by Grinder for 6 turns
  2650 | D:3      | Killed Grinder
  3189 | D:4      | Reached XP level 8. HP: 68/68 MP: 15/15
  3266 | D:4      | Found a snail-covered altar of Cheibriados.
  3381 | D:4      | Found a glowing drain.
  3385 | Sewer    | Entered a sewer
  3431 | Sewer    | Noticed Purgy
  3443 | Sewer    | Killed Purgy
  3814 | D:5      | Entered Level 5 of the Dungeon
  3961 | D:5      | Noticed Eustachio
  3962 | D:5      | Noticed Blork the orc
  3973 | D:5      | Reached skill level 5 in Short Blades
  3973 | D:5      | Reached skill level 5 in Long Blades
  3973 | D:5      | Reached skill level 5 in Maces & Flails
  3973 | D:5      | Reached skill level 5 in Polearms
  3973 | D:5      | Reached skill level 5 in Staves
  3973 | D:5      | Reached skill level 5 in Slings
  3973 | D:5      | Reached skill level 5 in Bows
  3973 | D:5      | Reached skill level 5 in Crossbows
  3973 | D:5      | Reached skill level 5 in Throwing
  3973 | D:5      | Reached skill level 5 in Dodging
  3973 | D:5      | Reached skill level 5 in Stealth
  3973 | D:5      | Reached skill level 5 in Unarmed Combat
  3973 | D:5      | Reached skill level 5 in Spellcasting
  3973 | D:5      | Reached skill level 5 in Evocations
  3976 | D:5      | Killed Eustachio
  3976 | D:5      | Reached XP level 9. HP: 44/75 MP: 16/16
  3977 | D:5      | Killed Blork the orc
  4309 | D:5      | Found an iron altar of Okawaru.
  4492 | D:5      | Became a worshipper of Warmaster Okawaru
  4530 | D:5      | Found a glowing silver altar of Zin.
  4530 | D:5      | Noticed an angel
  4614 | D:5      | Found a runed translucent door.
  4615 | D:5      | Noticed Crazy Yiuf
  4621 | D:5      | Cast into level 1 of the Abyss (Crazy Yiuf)
  4723 | Abyss:1  | Noticed a hellwing
  4748 | Abyss:1  | Noticed a sixfirhy
  4753 | Abyss:1  | Noticed an orange demon
  4795 | Abyss:1  | Noticed a starcursed mass
  4830 | Abyss:1  | Slain by a starcursed mass

Illustrated notes

Levels and vault maps discovered:
D:1:      onia_arrival_handbag, layout_basic, serial_park_tiny_1
D:2:      cheibrodos_old_hovel, layout_rooms, lemuel_round_altar, first_ration,
          uniq_jessica, uniq_natasha
D:3:      cheibrodos_greedy_goblins, layout_basic, old_standard_altar,
          lemuel_coloured_pillars_altar, serial_glass, glass_columns_a,
          glass_columns_b, trog_butcher_becter, uniq_robin, uniq_grinder
D:4:      layout_rooms, cheibriados_altar_1, gup_sewer_entry_bowl
D:5:      layout_cave_pools, zin_angel, kennysheep_little_box, sword_in_stone,
          uniq_blork_the_orc, uniq_crazy_yiuf_cottage
Abyss:1:  base: D:3, evilmike_abyss_exit_plants, evilmike_abyss_exit_plants

Skill      XL: |  1  2  3  4  5  6  7  8  9 |
---------------+----------------------------+-----
Invocations    | 1 4 5 |  5.7
Short Blades   | 1 4 5 |  5.2
Long Blades    | 1 4 5 |  5.2
Maces & Flails | 1 4 5 |  5.2
Polearms       | 1 4 5 |  5.2
Staves         | 1 4 5 |  5.2
Slings         | 1 4 5 |  5.2
Bows           | 1 4 5 |  5.2
Crossbows      | 1 4 5 |  5.2
Throwing       | 1 4 5 |  5.2
Dodging        | 1 4 5 |  5.2
Stealth        | 1 4 5 |  5.2
Unarmed Combat | 1 4 5 |  5.2
Spellcasting   | 1 4 5 |  5.2
Evocations     | 1 4 5 |  5.2
Conjurations   | 1 3 4 |  4.3
Hexes          | 1 3 4 |  4.3
Charms         | 1 3 4 |  4.3
Summonings     | 1 3 4 |  4.3
Necromancy     | 1 3 4 |  4.3
Translocations | 1 3 4 |  4.3
Transmutations | 1 3 4 |  4.3
Fire Magic     | 1 3 4 |  4.3
Ice Magic      | 1 3 4 |  4.3
Air Magic      | 1 3 4 |  4.3
Earth Magic    | 1 3 4 |  4.3
Poison Magic   | 1 3 4 |  4.3
Fighting       | 8 |  8.4
Axes           | 6 7 |  7.0
Armour         | 8 |  8.4
Shields        | 8 |  8.4

Action                   |  1- 3 |  4- 6 |  7- 9 || total
-------------------------+-------+-------+-------++-------
Melee: War axe           |    58 |   116 |   245 ||   419
       Bite              |     4 |     9 |    29 ||    42
  Use: Scroll            |     4 |     3 |     5 ||    12
       Potion            |     1 |     2 |     9 ||    12
 Stab: Sleeping          |       |     6 |     8 ||    14
  Eat: Chunk             |     1 |     3 |     6 ||    10
       Ration            |       |       |     1 ||     1
Armor: Scale mail        |    14 |       |       ||    14
       Acid dragon scale |     4 |    37 |    65 ||   106
Dodge: Dodged            |    21 |    41 |   124 ||   186
Block: Kite shield       |    35 |    74 |   183 ||   292

Table legend:
 A = Non-vault XP
 B = Vault XP
 C = Vault XP percentage of total XP
 D = Non-vault monster count
 E = Vault monster count
 F = Vault count percentage of total count
                 A         B        C        D         E       F
            +---------+---------+-------+---------+---------+-------
      Total |    1559 |    1392 |  47.2 |     110 |      50 |  31.2
            +---------+---------+-------+---------+---------+-------
        D:1 |      25 |       6 |  19.4 |      13 |       4 |  23.5
        D:2 |     115 |      74 |  39.2 |      22 |       3 |  12.0
        D:3 |     207 |     341 |  62.2 |      25 |      28 |  52.8
        D:4 |     401 |      28 |   6.5 |      19 |       3 |  13.6
        D:5 |     321 |     802 |  71.4 |      25 |       6 |  19.4
    Abyss:1 |     490 |       0 |   0.0 |       6 |       0 |   0.0
      Sewer |       0 |     141 | 100.0 |       0 |       6 | 100.0
            +---------+---------+-------+---------+---------+-------
